 Dungeon Sprint DCSS version 0.29-a0-477-g62b78b4225 (webtiles) character file.

Game seed: 9386690087655666284

1800000 Aarrn332 the Wild Gnoll (level 16, -18/149 HPs)
             Began as a Gnoll Berserker on May 25, 2022.
             Was a High Priest of Trog.
             Demolished by a large bag of meat
             ... wielding a +9 giant spiked club
              (80 damage)
             ... in the Dungeon (Sprint VIII: "Arena of Blood").
             The game lasted 00:01:49 (18 turns).

Aarrn332 the Wild Gnoll (Gnoll Berserker)             Turns: 18, Time: 00:01:49

Health: -18/149    AC:  3    Str: 25    XL:     16   Next: 88%
Magic:  3/39       EV: 20    Int:  6    God:    Trog [*****.]
Gold:   0          SH:  0    Dex: 12    Spells: 53/53 levels left

rFire   . . .      SeeInvis .   h - +∞ Axe of Woe
rCold   . . .      Faith    .   (shield currently unavailable)
rNeg    . . .      Spirit   .   a - +0 animal skin
rPois   .          Reflect  .   (no helmet)
rElec   .          Harm     .   (no cloak)
rCorr   .          Rampage  .   (no gloves)
Will    +....      NoTele   +   (no boots)
Stlth   +++++++...              (no amulet)
HPRegen 0.34/turn               (no ring)
MPRegen 0.26/turn               (no ring)

@: no status effects
A: fangs 1, strong nose, distributed training
a: Renounce Religion, Berserk, Trog's Hand, Brothers in Arms


You were in the Dungeon.
You worshipped Trog.
Trog was extremely pleased with you.
You visited 1 branch

Inventory:

Hand Weapons
 h - the +∞ Axe of Woe (weapon)
   (You found it in the Dungeon)
Armour
 a - a +0 animal skin (worn)
Jewellery
 i - a +30 ring of slaying
 j - a +30 ring of slaying
Scrolls
 g - a scroll of blinking
Potions
 b - a potion of curing
 c - a potion of heal wounds
 d - a potion of haste
 e - 2 potions of magic
 f - a potion of berserk rage


   Skills:
 + Level 20.2 Fighting
 + Level 19.3 Short Blades
 + Level 19.3 Long Blades
 + Level 19.3 Axes
 + Level 19.3 Maces & Flails
 + Level 19.3 Polearms
 + Level 19.3 Staves
 + Level 19.3 Slings
 + Level 19.3 Bows
 + Level 19.3 Crossbows
 + Level 19.3 Throwing
 + Level 19.8 Armour
 + Level 19.8 Dodging
 + Level 19.3 Stealth
 + Level 19.3 Shields
 + Level 20.2 Unarmed Combat
 + Level 19.3 Spellcasting
 + Level 16.5 Conjurations
 + Level 16.5 Hexes
 + Level 16.5 Summonings
 + Level 16.5 Necromancy
 + Level 16.5 Translocations
 + Level 16.5 Transmutations
 + Level 16.5 Fire Magic
 + Level 16.5 Ice Magic
 + Level 16.5 Air Magic
 + Level 16.5 Earth Magic
 + Level 16.5 Poison Magic
 + Level 20.9 Invocations
 + Level 19.3 Evocations


You had 53 spell levels left.
You didn't know any spells.
Your spell library was empty.

Dungeon Overview and Level Annotations

Branches:
Dungeon (1/1)

Altars:
Makhleb


Innate Abilities, Weirdness & Mutations

You have very sharp teeth.
Your uncanny sense of smell can sniff out nearby items.
Your experience applies equally to all skills.


Message History

Your Polearms skill increases to level 19!
Your Staves skill increases to level 19!
Your Slings skill increases to level 19!
Your Bows skill increases to level 19!
Your Crossbows skill increases to level 19!
Your Throwing skill increases to level 19!
Your Stealth skill increases to level 19!
Your Shields skill increases to level 19!
Your Spellcasting skill increases to level 19!
Your Conjurations skill increases to level 16!
Your Hexes skill increases to level 16!
Your Summonings skill increases to level 16!
Your Necromancy skill increases to level 16!
Your Translocations skill increases to level 16!
Your Transmutations skill increases to level 16!
Your Fire Magic skill increases to level 16!
Your Ice Magic skill increases to level 16!
Your Air Magic skill increases to level 16!
Your Earth Magic skill increases to level 16!
Your Poison Magic skill increases to level 16!
Your Evocations skill increases to level 19!
Unknown command.
The bag of meat shouts!
You slice the bag of meat!!
You pulverise the bag of meat into a thin bloody mist.
You kill the bag of meat!
Trog accepts your kill.
Trog will now gift you melee weapons as you gain piety.
You hear a shout! x8
A meat berserker comes into view. It is wielding a +9 battleaxe.
The meat berserker rages.
You hear a shout! x2
Your Fighting skill increases to level 20!
Your Unarmed Combat skill increases to level 20!
i - a +30 ring of slaying;
j - a +30 ring of slaying You hear a shout! x2
The bag of meat hits you with a +9 war axe!
The large bag of meat hits you with a +9 giant spiked club!!!!
Ouch! That really hurt!
You die...

..............
...........oo
...........O
.....o...oo
.......oo.
#.....o.#
#....o)O# ..
.###.....@o###...
......###)O...o..
......._..).o.o..
..#.....#.....O
#_.<._#......
#.....#...o..
....._.........
......###........
.###.. ...###...


You could see a large bag of meat (inner flame), 3 meat berserkers and 14 bags
of meat.

Vanquished Creatures
  6 ogres (D)
  6 orcs (D)
12 creatures vanquished.

Notes
Turn   | Place    | Note
-------+----------+-------------------------------------------
     0 | D        | Found the +∞ Axe of Woe
     0 | D        | Aarrn332 the Gnoll Berserker began the quest for the Orb.
     0 | D        | Reached XP level 1. HP: 23/23 MP: 1/1
     2 | D        | Noticed a bag of meat
     3 | D        | Noticed a bag of meat
     5 | D        | Noticed a bag of meat
     7 | D        | Killed a bag of meat
     7 | D        | Noticed a meat berserker
     8 | D        | Reached skill level 10 in Armour
     8 | D        | Reached skill level 10 in Dodging
     8 | D        | Reached skill level 10 in Invocations
     8 | D        | Reached XP level 2. HP: 27/38 MP: 1/12
     8 | D        | Reached XP level 3. HP: 31/44 MP: 1/14
     8 | D        | Reached XP level 4. HP: 36/51 MP: 1/15
     8 | D        | Reached XP level 5. HP: 41/57 MP: 1/17
     8 | D        | Reached XP level 6. HP: 45/63 MP: 1/18
     8 | D        | Reached XP level 7. HP: 49/69 MP: 1/20
     8 | D        | Reached XP level 8. HP: 54/76 MP: 1/21
     8 | D        | Reached XP level 9. HP: 59/82 MP: 1/22
     8 | D        | Reached XP level 10. HP: 64/89 MP: 1/23
     8 | D        | Reached XP level 11. HP: 68/95 MP: 1/24
     8 | D        | Killed a bag of meat
     8 | D        | Reached ** piety under Trog
     8 | D        | Noticed a meat berserker
     8 | D        | Noticed a meat berserker
     9 | D        | Reached XP level 12. HP: 74/103 MP: 1/27
     9 | D        | Killed a bag of meat
     9 | D        | Noticed a meat berserker
    10 | D        | Reached skill level 10 in Conjurations
    10 | D        | Reached skill level 10 in Hexes
    10 | D        | Reached skill level 10 in Summonings
    10 | D        | Reached skill level 10 in Necromancy
    10 | D        | Reached skill level 10 in Translocations
    10 | D        | Reached skill level 10 in Transmutations
    10 | D        | Reached skill level 10 in Fire Magic
    10 | D        | Reached skill level 10 in Ice Magic
    10 | D        | Reached skill level 10 in Air Magic
    10 | D        | Reached skill level 10 in Earth Magic
    10 | D        | Reached skill level 10 in Poison Magic
    10 | D        | Killed a meat berserker
    10 | D        | Noticed a meat berserker
    10 | D        | Noticed a meat berserker
    10 | D        | Noticed a bag of meat
    11 | D        | Reached skill level 15 in Fighting
    11 | D        | Reached skill level 15 in Unarmed Combat
    11 | D        | Reached XP level 13. HP: 83/115 MP: 1/30
    11 | D        | Noticed a bag of meat
    11 | D        | Noticed a large bag of meat
    11 | D        | Noticed a bag of meat
    11 | D        | Noticed a bag of meat
    11 | D        | Noticed a bag of meat
    11 | D        | Noticed a bag of meat
    11 | D        | Noticed a bag of meat
    11 | D        | Noticed a bag of meat
    11 | D        | Noticed a bag of meat
    11 | D        | Noticed a bag of meat
    12 | D        | Killed a meat berserker
    12 | D        | Noticed a bag of meat
    12 | D        | Noticed a bag of meat
    12 | D        | Noticed a bag of meat
    13 | D        | Reached skill level 15 in Armour
    13 | D        | Reached skill level 15 in Dodging
    13 | D        | Reached XP level 14. HP: 91/125 MP: 2/32
    13 | D        | Killed a meat berserker
    13 | D        | Reached *** piety under Trog
    13 | D        | Killed a meat berserker
    13 | D        | Noticed a meat berserker
    14 | D        | Reached XP level 15. HP: 62/136 MP: 2/35
    14 | D        | Noticed a meat berserker
    14 | D        | Killed a meat berserker
    15 | D        | Killed a meat berserker
    15 | D        | Reached **** piety under Trog
    16 | D        | Reached skill level 15 in Conjurations
    16 | D        | Reached skill level 15 in Hexes
    16 | D        | Reached skill level 15 in Summonings
    16 | D        | Reached skill level 15 in Necromancy
    16 | D        | Reached skill level 15 in Translocations
    16 | D        | Reached skill level 15 in Transmutations
    16 | D        | Reached skill level 15 in Fire Magic
    16 | D        | Reached skill level 15 in Ice Magic
    16 | D        | Reached skill level 15 in Air Magic
    16 | D        | Reached skill level 15 in Earth Magic
    16 | D        | Reached skill level 15 in Poison Magic
    16 | D        | Reached XP level 16. HP: 68/147 MP: 3/38
    16 | D        | Noticed a meat berserker
    17 | D        | Reached ***** piety under Trog
    17 | D        | Noticed a meat berserker
    18 | D        | Demolished by a large bag of meat

Illustrated notes

Levels and vault maps discovered:
D:        meatsprint

Skill      XL: |  1  2  3  4  5  6  7  8  9 10 11 12 13 14 15 16 |
---------------+-------------------------------------------------+-----
Fighting       | 11 12 15 16 17 19 20 | 20.2
Short Blades   | 9 11 13 14 16 18 19 | 19.3
Long Blades    | 9 11 13 14 16 18 19 | 19.3
Axes           | 9 11 13 14 16 18 19 | 19.3
Maces & Flails | 9 11 13 14 16 18 19 | 19.3
Polearms       | 9 11 13 14 16 18 19 | 19.3
Staves         | 9 11 13 14 16 18 19 | 19.3
Slings         | 9 11 13 14 16 18 19 | 19.3
Bows           | 9 11 13 14 16 18 19 | 19.3
Crossbows      | 9 11 13 14 16 18 19 | 19.3
Throwing       | 9 11 13 14 16 18 19 | 19.3
Armour         | 10 12 14 15 17 19 | 19.8
Dodging        | 10 12 14 15 17 19 | 19.8
Stealth        | 9 11 13 14 16 18 19 | 19.3
Shields        | 9 11 13 14 16 18 19 | 19.3
Unarmed Combat | 11 12 15 16 17 19 20 | 20.2
Spellcasting   | 9 11 13 14 16 18 19 | 19.3
Conjurations   | 8 9 11 12 14 15 16 | 16.5
Hexes          | 8 9 11 12 14 15 16 | 16.5
Summonings     | 8 9 11 12 14 15 16 | 16.5
Necromancy     | 8 9 11 12 14 15 16 | 16.5
Translocations | 8 9 11 12 14 15 16 | 16.5
Transmutations | 8 9 11 12 14 15 16 | 16.5
Fire Magic     | 8 9 11 12 14 15 16 | 16.5
Ice Magic      | 8 9 11 12 14 15 16 | 16.5
Air Magic      | 8 9 11 12 14 15 16 | 16.5
Earth Magic    | 8 9 11 12 14 15 16 | 16.5
Poison Magic   | 8 9 11 12 14 15 16 | 16.5
Invocations    | 10 12 14 16 18 20 | 20.9
Evocations     | 9 11 13 14 16 18 19 | 19.3

Action                   |  1- 3 |  4- 6 |  7- 9 | 10-12 | 13-15 | 16-18 || total
-------------------------+-------+-------+-------+-------+-------+-------++-------
Melee: Executioner's axe |     1 |       |       |     3 |     4 |     2 ||    10
Dodge: Dodged            |       |       |       |       |     1 |       ||     1

Table legend: (Time is in decaauts)
 A = Elapsed time spent in this place.
 B = Non-inter-level travel time spent in this place.
 C = Inter-level travel time spent in this place.
 D = Time resting spent in this place.
 E = Time spent auto-exploring this place.
 F = Levels seen in this place.
 G = Mean time per level.
                   A        B        C        D        E       F      G
               +--------+--------+--------+--------+--------+-----+--------+
         Total |     19 |     19 |      0 |      0 |      0 |   1 |   19.0 |
       Dungeon |     19 |     19 |      0 |      0 |      0 |   1 |   19.0 |
               +--------+--------+--------+--------+--------+-----+--------+

Top non-repeatable levels by time:
       D: 19 daAuts
